 Dungeon Sprint DCSS version 0.30.1-9-gdf580d7c3d (webtiles) character file.

Game seed: 18386577817589940801

163 Heoruswealwe the Spear-Bearer (level 5, -4/45 HPs)
             Began as a Minotaur Fighter on Sept 27, 2023.
             Slain by an iguana (6 damage)
             ... in the Dungeon (Sprint IX: "|||||||||||||||||||||||||||||").
             The game lasted 00:00:58 (46 turns).

Heoruswealwe the Spear-Bearer (Minotaur Fighter)      Turns: 46, Time: 00:00:58

Health: -4/45      AC:  6    Str: 22    XL:     5   Next: 20%
Magic:  4/4        EV: 10    Int:  5    God:
Gold:   0          SH:  4    Dex: 10    Spells: 4/4 levels left

rFire   . . .        a - +0 trident
rCold   . . .        d - +0 buckler
rNeg    . . .        c - +0 scale mail
rPois   .            (helmet restricted)
rElec   .            (no cloak)
rCorr   .            (no gloves)
SInv    .            (no boots)
Will    .....        (no amulet) Stlth
                     (no ring)
HPRegen 0.27/turn    (no ring)
MPRegen 0.09/turn

%: no teleportation
@: no status effects
A: horns 2, retaliatory headbutt
a: no special abilities


You were in the Dungeon.
You visited 1 branch

Inventory:

Hand Weapons
 a - a +0 trident (weapon)
Armour
 c - a +0 scale mail (worn)
 d - a +0 buckler (worn)
Scrolls
 j - a scroll of blinking
Potions
 b - a potion of might
 e - a potion of curing
 f - a potion of heal wounds
 g - a potion of haste
 i - a potion of berserk rage


   Skills:
 - Level 3.6 Fighting
 + Level 12.4 Polearms
 - Level 3.6 Armour
 + Level 2.3 Dodging
 - Level 3.6 Shields


You had 4 spell levels left.
You didn't know any spells.
Your spell library was empty.

Dungeon Overview and Level Annotations

Branches:
Dungeon (1/1)

Altars:


Innate Abilities, Weirdness & Mutations

You have a pair of horns on your head.
You reflexively headbutt those who attack you in melee.


Message History

The phantom is severely damaged.
The iguana hisses menacingly.
The phantom hits you but does no damage.
You closely miss the phantom. Your headbutt misses the phantom.
The phantom is severely damaged.
The phantom hits you.
You hit the phantom but do no damage.
The phantom is severely damaged.
The phantom closely misses you.
You barely miss the phantom.
You headbutt the phantom, but do no damage.
The phantom is severely damaged.
You puncture the phantom!
You destroy the phantom!
Your Polearms skill gained 2 levels and is now at level 12!
Your Dodging skill increases to level 2!
You have reached level 5!
You hit the iguana but do no damage. The iguana bites you!
* * * LOW HITPOINT WARNING * * *
The gnoll hits you from afar with a +0 spear.
* * * LOW HITPOINT WARNING * * *
You puncture the iguana!
You headbutt the iguana, but do no damage.
The iguana is severely wounded.
The gnoll hits you from afar with a +0 spear.
* * * LOW HITPOINT WARNING * * *
The iguana bites you but does no damage.
You barely miss the iguana.
You headbutt the iguana, but do no damage.
The iguana is severely wounded.
You hit the iguana.
You headbutt the iguana, but do no damage.
The iguana is almost dead.
The iguana bites you but does no damage.
You block the gnoll's attack.
You closely miss the iguana.
You headbutt the iguana, but do no damage.
The iguana is almost dead.
You block the gnoll's attack. The iguana bites you.
You die... ▓▓▓▓▓▓▓▓▓▓▓▓▓▓▓▓▓▓ +...fgl@...)'.!.<▓ ▓▓▓▓▓▓▓▓▓▓▓▓▓▓▓▓▓▓

You could see a sleepcap, an iguana and a gnoll.

Vanquished Creatures
  A centaur (D)
  A phantom (D)
  2 ball pythons (D)
  2 hobgoblins (D)
  A kobold (D)
7 creatures vanquished.

Notes
Turn   | Place    | Note
-------+----------+-------------------------------------------
     0 | D        | Heoruswealwe the Minotaur Fighter began the quest for the
                  | Orb.
     0 | D        | Reached XP level 1. HP: 19/19 MP: 0/0
     6 | D        | Reached skill level 3 in Polearms
     7 | D        | Reached skill level 4 in Polearms
    10 | D        | Reached skill level 5 in Polearms
    19 | D        | Noticed a sleepcap
    19 | D        | Noticed an iguana
    19 | D        | Noticed a phantom
    19 | D        | Noticed a centaur
    24 | D        | Killed a centaur
    25 | D        | Reached skill level 10 in Polearms
    25 | D        | Reached skill level 1 in Dodging
    25 | D        | Reached XP level 2. HP: 23/26 MP: 1/1
    25 | D        | Reached XP level 3. HP: 27/31 MP: 2/2
    25 | D        | Reached XP level 4. HP: 34/39 MP: 3/3
    41 | D        | Killed a phantom
    42 | D        | Reached skill level 12 in Polearms
    42 | D        | Reached XP level 5. HP: 19/45 MP: 4/4
    43 | D        | HP: 2/45 [gnoll/+0 spear (5)]
    46 | D        | Slain by an iguana

Illustrated notes

Levels and vault maps discovered:
D:        linesprint [early_d, line_temple, items_1, d_10, items_2, lair_1,
          lair_end, items_3, orc_1, orc_end, items_4, d_15, swamp_1, shoals_1,
          snake_1, spider_1, d_20, vaults_1, items_5, swamp_end, shoals_end,
          snake_end, spider_end, vaults_end, d_27, items_6, zot_1, zot_end,
          crypt_end, forest_end, elf_end, slime_end, tomb_end, abyss_end,
          pan_hell_end]

Skill      XL: |  1  2  3  4 |
---------------+-------------+-----
Polearms       | 10 12 | 12.4
Dodging        | 1 2 |  2.3
Fighting       | |  3.6
Armour         | |  3.6
Shields        | |  3.6

Action                     |  1- 3 |  4- 6 || total
---------------------------+-------+-------++-------
  Melee: Trident           |     9 |    22 ||    31
         Headbutt          |     4 |     6 ||    10
 Armour: Scale mail        |     3 |     6 ||     9
  Dodge: Dodged            |     8 |     2 ||    10
  Block: Buckler           |     2 |     4 ||     6
